 Dungeon Crawl Stone Soup version 0.30-a0-160-gcfceee88d3 (webtiles) character file.

Game seed: 1639721775788011097

230001 qw the Peltast (level 19, -8/125 HPs)
             Began as a Gargoyle Fighter on Sept 27, 2022.
             Was a High Priest of Okawaru.
             Killed from afar by a crystal guardian (48 damage)
             ... with a crystal bolt
             ... led by a peacekeeper
             ... on level 1 of the Vaults.
             The game lasted 00:18:33 (35023 turns).

qw the Peltast (Gargoyle Fighter)                  Turns: 35023, Time: 00:18:34

Health: -8/125     AC: 53    Str: 28    XL:     19   Next: 46%
Magic:  18/23      EV: 14    Int:  9    God:    Okawaru [*****.]
Gold:   512        SH: 22    Dex:  9    Spells: 18/18 levels left

rFire   . . .      SeeInvis .    j - +2 broad axe (vamp)
rCold   + . .      Faith    .    G - +0 tower shield
rNeg    + + .      Spirit   .    A - +6 plate armour of the Accordion {rN+}
rPois   inf        Reflect  .    m - +2 helmet
rElec   +          Harm     .    u - scarf {repulsion}
rCorr   .          Rampage  .    E - +1 pair of gloves of the Twenty Coins {rC+ Will+}
Will    ++...                    n - +2 pair of boots
Stlth   ..........               t - amulet of regeneration
HPRegen 1.10/turn                p - +4 ring of protection
MPRegen 0.18/turn                q - +4 ring of evasion

@: heroic, finesse-ful, flying, repel missiles
A: sickness immunity, AC +14, big wings, negative energy resistance 1,
electricity resistance, torment resistance 1, petrification resistance, hooves
1, low MP 1
}: 1/15 runes: gossamer
a: Renounce Religion, Heroism, Finesse, Duel


You were on level 1 of the Vaults.
You worshipped Okawaru.
Okawaru was extremely pleased with you.
You visited 6 branches of the dungeon, and saw 30 of its levels.
You visited the Abyss 1 time.
You also visited: Sewer.

You collected 2696 gold pieces.
You spent 2184 gold pieces at shops.


Innate Abilities, Weirdness & Mutations

You are immune to sickness and miasma.
Your stone body is resilient. (AC +14)
You are immune to poison.
Your large and strong wings let you fly.
You resist negative energy. (rN+)
You are resistant to electric shocks. (rElec)
You are resistant to unholy torment.
You are immune to petrification.
You have large cloven feet.
Your magical capacity is low. (-10% MP)


   Skills:
 - Level 16.0(21.0) Fighting
 - Level 18.0(23.0) Axes
 - Level 9.0(14.0) Throwing
 + Level 14.6(19.6) Armour
 - Level 4.0(9.0) Dodging
 - Level 18.9(23.9) Shields
 - Level 10.1 Invocations


You had 18 spell levels left.
You didn't know any spells.
Your spell library was empty.

Inventory:

Hand Weapons
 j - a +2 vampiric broad axe (weapon)
Missiles
 w - 3 javelins (quivered)
 D - 13 boomerangs
 H - a silver javelin
Armour
 c - a +1 cloak
 m - a +2 helmet (worn)
 n - a +2 pair of boots (worn)
 r - +2 ice dragon scales
 u - a scarf of repulsion (worn)
 y - the +1 chain mail "Gyhemi Jufyh" {rCorr}
   (You found it on level 12 of the Dungeon)

   rCorr:     It protects you from acid and corrosion.
 A - the +6 plate armour of the Accordion (worn) {rN+}
   (You found it on level 5 of the Lair of Beasts)

   rN:        It protects you from negative energy.
 C - a +2 pair of gloves of stealth
 E - the +1 pair of gloves of the Twenty Coins (worn) {rC+ Will+}
   (Okawaru gifted it to you on level 3 of the Spider Nest)

   rC:        It protects you from cold.
   Will:      It increases your willpower.
 G - a +0 tower shield (worn)
Jewellery
 o - a ring of protection from fire
 p - a +4 ring of protection (left hand)
 q - a +4 ring of evasion (right hand)
 t - an amulet of regeneration (around neck)
 z - a ring of ice
 B - a ring of protection from cold
 I - a ring of protection from fire
Wands
 b - a wand of digging (4)
Scrolls
 a - 16 scrolls of identify
 v - 3 scrolls of teleportation
Potions
 d - 5 potions of might
 e - 4 potions of cancellation
 f - 10 potions of haste
 g - 3 potions of mutation
 h - 7 potions of attraction
 i - 2 potions of resistance
 k - 2 potions of lignification
 l - 2 potions of curing
 s - 2 potions of heal wounds
 x - 2 potions of magic

Dungeon Overview and Level Annotations

Branches:
Dungeon (15/15)            Temple (0/1) D:7            Lair (5/5) D:9
  Swamp (3/4) Lair:3       Spider (4/4) Lair:3        Slime (0/5) Lair:4
    Orc (2/2) D:9             Elf (0/3) Orc:2        Vaults (1/5) D:14
 Depths (0/4) D:15          Sewer (visited)

Altars:
Cheibriados
Elyvilon
Makhleb
Nemelex Xobeh
Okawaru
Ru
Uskayaw
Wu Jian
Yredelemnul
The Shining One
Jiyva

Shops:
D:3 (   D:7 (   D:9 (   Orc:2 =[*[[   Vaults:1 *

Annotations:
Spider:3 2 transporters, qw's ghost, adept GrFi
Vaults:1 3 runed translucent doors


Message History

You slash the war gargoyle!
The war gargoyle is severely damaged.
You hit the peacekeeper. You block the peacekeeper's attack. x2
You slash the war gargoyle!
The war gargoyle is almost destroyed.
You slash the peacekeeper!
The war gargoyle hits you with a +0 flail.
The crystal guardian fires a crystalline bolt at you.
The crystal bolt is repelled. x2
The ironbound convoker begins to recite a word of recall!
You barely miss the war gargoyle.
The war gargoyle is almost destroyed.
You hit the peacekeeper but do no damage.
You block the peacekeeper's attack. x2
You hit the war gargoyle.
The war gargoyle is almost destroyed.
You slice the peacekeeper!!
You destroy the peacekeeper!
Okawaru accepts your kill. You block the war gargoyle's attack.
You slash the war gargoyle!
You destroy the war gargoyle!
Okawaru accepts your kill.
The crystal guardian fires a crystalline bolt at you.
The crystal bolt burns you but does no damage.
The crystal bolt misses you.
You barely miss the lindwurm. You slash the lindwurm!
The lindwurm is lightly wounded.
You slice the lindwurm!!
The lindwurm is severely wounded.
The harpy is recalled.
The vault sentinel is recalled.
A harpy comes into view.
The lindwurm breathes flames at you.
The blast of flame hits you but does no damage.
The crystal guardian fires a crystalline bolt at you.
The crystal bolt misses the lindwurm.
The crystal bolt burns you! The crystal bolt burns you!!!
You die...

###########..
#......p.p'..
+...))k9H.#
#####@##########
#..............#
#..............#
+..####..####..#
#..#..#..#..#..# #.
#..#..#..#..#
#..##'#..#'##..#######
..............#.....#
..............')....#


You could see a crystal guardian (strong), a vault sentinel, a lindwurm
(catching breath), an ironbound convoker (catching breath) and a harpy.

Vanquished Creatures
  Mara (Spider:3)
  A bone dragon (Abyss:2)
  Jorgrun (Swamp:1)
  Mlioglotl (Spider:3)
  Kirke (Swamp:3)
  A thorn hunter (Swamp:3)
  Gastronok (Lair:1)
  A tentacled starspawn (Abyss:2)
  Donald (Spider:1)
  A vault warden (Vaults:1)
  6 emperor scorpions
  4 ghost moths (Spider:4)
  2 broodmothers
  A war gargoyle (Vaults:1)
  An ironbound thunderhulk (Vaults:1)
  A starcursed mass (Abyss:2)
  An eleionoma (Swamp:3)
  A deep elf demonologist (Vaults:1)
  7 dire elephants (Vaults:1)
  3 bunyips
  A spark wasp (Spider:3)
  An ettin (Orc:1)
  5 entropy weavers
  A yaktaur captain (Vaults:1)
  Fannar (Lair:1)
  A fire dragon (D:14)
  6 hydras
  A peacekeeper (Vaults:1)
  7 vault guards
  3 catoblepae
  An ironbound frostheart (Vaults:1)
  13 centaur warriors
  2 jorogumos
  A death knight (D:14)
  8 alligators
  A naga warrior (Abyss:2)
  A deep troll shaman (Lair:5)
  5 radroaches
  6 two-headed ogres
  4 tengu warriors
  6 boulder beetles
  An orc high priest (Orc:2)
  A spriggan berserker (Swamp:2)
  17 death yaks
  A hell hog (Abyss:2)
  A wretched star (Abyss:2)
  5 skeletal warriors (D:15)
  2 sun moths
  5 pharaoh ants
  2 spriggan druids
  2 goliath frogs (Swamp:1)
  3 large abominations (Abyss:2)
  A bunyip zombie (Abyss:2)
  A glowing orange brain (Vaults:1)
  8 steelbarb worms
  3 bog bodies
  Pikel (D:8)
  2 harpies (Vaults:1)
  A wizard (D:15)
  2 swamp dragons
  6 ironbound convokers (Vaults:1)
  6 orb spiders
  A necromancer (D:15)
  6 lindwurms
  28 wolf spiders
  6 ugly things
  3 deep elf pyromancers (D:14)
  7 orc sorcerers
  2 will-o-the-wisps
  4 moths of wrath
  9 slime creatures (Vaults:1)
  A manticore (D:13)
  3 cyclopes
  A guardian serpent (Abyss:2)
  28 elephants
  An apocalypse crab (Abyss:2)
  2 centaur zombies (D:15)
  2 naga magi
  4 torpor snails
  3 black mambas
  A gargoyle (D:11)
  2 smoke demons (Abyss:2)
  A black mamba (shapeshifter) (D:14)
  5 vault sentinels (Vaults:1)
  20 cane toads
  A centaur skeleton (D:15)
  3 rime drakes
  11 demonic crawlers
  12 komodo dragons
  2 unseen horrors
  4 kobold demonologists
  2 tengu conjurers (D:14)
  A komodo dragon (shapeshifter) (D:14)
  4 freezing wraiths
  4 yaktaurs (Vaults:1)
  2 hellwings (Abyss:2)
  7 trolls
  2 ancient zymes (Abyss:2)
  A wind drake (shapeshifter) (D:13)
  A bloated husk (Swamp:2)
  A silent spectre (Abyss:2)
  8 meliai
  7 polar bears
  A wolf spider simulacrum (D:15)
  6 tyrant leeches
  8 raiju (Abyss:2)
  21 blink frogs
  5 hornets
  A tarantella (shapeshifter) (D:13)
  50 tarantellas
  10 dream sheep
  38 jumping spiders
  A jumping spider (shapeshifter) (D:15)
  A centaur simulacrum (D:15)
  2 vampires
  7 spriggans
  A yak (shapeshifter) (D:15)
  4 wyverns
  Eustachio (D:4)
  38 culicivoras
  2 wraiths
  3 steam dragons
  5 hogs (Swamp:3)
  102 redbacks
  13 vampire mosquitoes
  26 yaks
  6 basilisks
  A chaos spawn (Abyss:2)
  A neqoxec (Abyss:2)
  7 swamp worms
  A redback simulacrum (D:14)
  5 small abominations (Abyss:2)
  2 wargs
  A harpy simulacrum (D:14)
  An acid dragon (D:14)
  A naga (shapeshifter) (D:14)
  16 water moccasins
  An ice beast (D:8)
  12 orc warriors
  6 black bears
  5 ogres
  16 wolves
  4 boggarts (Vaults:1)
  2 centaurs
  A phantom (D:7)
  A lemure (D:8)
  5 kobold brigands
  14 bullfrogs
  A scorpion (D:4)
  A necrophage (D:8)
  A hornet simulacrum (D:15)
  13 wights
  18 killer bees
  3 electric eels
  3 howler monkeys
  2 jellies
  A quasit (Abyss:2)
  An iron imp (D:6)
  20 orc priests
  2 gnoll boudas
  5 hounds (D:5)
  2 iguanas
  29 orc wizards
  11 hell rats (Lair:1)
  11 gnolls
  An adder (D:2)
  8 river rats (Lair:1)
  A worm (D:2)
  57 orcs
  7 bats
  6 endoplasms
  5 giant cockroaches
  7 goblins
  9 hobgoblins
  2 jackals (Sewer)
  31 kobolds
  10 quokkas
  9 ball pythons
  4 frilled lizards
  17 rats
  A spectral orc (D:11)
1150 creatures vanquished.

Vanquished Creatures (others)
  An alligator (Swamp:2)
  2 harpies (Vaults:1)
  A centaur skeleton (D:15)
  A tarantella (Spider:4)
  4 bloated husks
  A vampire mosquito (Swamp:2)
  An orc wizard (Orc:2)
  3 bushes (Lair:5)
  10 foxfires
  58 fungi
  A lurking horror (Abyss:2)
  63 plants
  2 starspawn tentacles (Abyss:2)
148 creatures vanquished.

Grand Total: 1298 creatures vanquished

Notes
Turn   | Place    | Note
-------+----------+-------------------------------------------
     0 | D:1      | qw the Gargoyle Fighter began the quest for the Orb.
     0 | D:1      | Reached XP level 1. HP: 14/14 MP: 1/1
     0 | D:1      | 0 ||| qw: Version: 0.2-a-10-g37ed214
     0 | D:1      | 0 ||| qw: Game counter: 587
     0 | D:1      | 0 ||| qw: Always use a shield: true
     0 | D:1      | 0 ||| qw: God list: Okawaru
     0 | D:1      | 0 ||| qw: Allow faded altars: false
     0 | D:1      | 0 ||| qw: Do Orc after D:15 true
     0 | D:1      | 0 ||| qw: Do second Lair branch before Depths: true
     0 | D:1      | 0 ||| qw: Lair rune preference: random
     0 | D:1      | 0 ||| qw: Plans: Normal, Zot:1-4, God:TSO, Crypt, Tomb,
                  | Pan, Slime:5, Hells, Abyss, Orb
     0 | D:1      | 0 ||| PLANNING D:1-11
    68 | D:1      | 68 ||| READING scroll labelled CAICWU CETRA.
    69 | D:1      | 69 ||| Stepping randomly (stuck).
    71 | D:1      | Reached XP level 2. HP: 16/19 MP: 2/2
   211 | D:1      | 211 ||| Stepping ~*~*~tactically~*~*~ (stealth).
   220 | D:1      | Reached skill level 3 in Axes
   431 | D:1      | Reached XP level 3. HP: 23/23 MP: 3/3
   482 | D:1      | Found a faded altar of an unknown god.
  1226 | D:1      | 1226 ||| DROPPING amulet of faith.
  1227 | D:1      | 1227 ||| READING 3 scrolls labelled NUHECE FOADDOY.
  1228 | D:1      | 1228 ||| READING scroll labelled JIOSAI KEBLISI.
  1232 | D:1      | 1232 ||| READING scroll labelled WOISURPHOCRI.
  1233 | D:1      | 1233 ||| READING 2 scrolls of identify.
  1233 | D:1      | 1233 ||| IDENTIFYING sedimented dark potion
  1250 | D:2      | 1250 ||| STAIRDANCE
  1255 | D:2      | 1255 ||| STAIRDANCE
  1363 | D:2      | 1363 ||| STAIRDANCE
  1457 | D:2      | 1457 ||| Stepping ~*~*~tactically~*~*~ (stealth).
  1462 | D:2      | 1462 ||| Stepping ~*~*~tactically~*~*~ (stealth).
  1463 | D:2      | 1463 ||| Stepping ~*~*~tactically~*~*~ (stealth).
  1572 | D:2      | Reached XP level 4. HP: 28/28 MP: 4/4
  1609 | D:2      | Found a white marble altar of Elyvilon.
  1812 | D:2      | 1812 ||| Stepping ~*~*~tactically~*~*~ (stealth).
  1825 | D:2      | 1825 ||| DROPPING +0 club.
  2003 | D:2      | 2003 ||| Stepping ~*~*~tactically~*~*~ (stealth).
  2076 | D:2      | 2076 ||| UPGRADING to +0 helmet.
  2081 | D:2      | 2081 ||| DROPPING ring of magical power.
  2082 | D:2      | 2082 ||| DROPPING +6 ring of intelligence.
  2083 | D:2      | 2083 ||| UPGRADING to +4 ring of protection.
  2084 | D:2      | 2084 ||| READING scroll labelled ADUON OLI WIDGH.
  2085 | D:2      | 2085 ||| DROPPING +0 whip of draining.
  2086 | D:2      | 2086 ||| DRINKING 2 lumpy ruby potions.
  2415 | D:3      | Noticed a bullfrog
  2422 | D:3      | Killed a bullfrog
  2423 | D:3      | Reached XP level 5. HP: 32/32 MP: 5/5
  2668 | D:3      | Found Oxysoy's Antique Weapon Boutique.
  2673 | D:3      | 2673 ||| Stepping ~*~*~tactically~*~*~ (stealth).
  2675 | D:3      | 2675 ||| Stepping ~*~*~tactically~*~*~ (stealth).
  2693 | D:3      | 2693 ||| Stepping ~*~*~tactically~*~*~ (stealth).
  2709 | D:3      | 2709 ||| UPGRADING to +0 chain mail.
  2730 | D:3      | 2730 ||| DROPPING +0 scale mail.
  2886 | D:3      | 2886 ||| READING scroll labelled CUNGUA BOARPH.
  2887 | D:3      | 2887 ||| DRINKING 2 yellow potions.
  2922 | D:4      | 2922 ||| PLANNING SEWER
  2966 | D:4      | Noticed Eustachio
  2967 | D:4      | 2967 ||| Stepping ~*~*~tactically~*~*~ (stealth).
  2989 | D:4      | Killed Eustachio
  2990 | D:4      | Reached XP level 6. HP: 33/37 MP: 6/6
  3000 | D:4      | 3000 ||| Stepping ~*~*~tactically~*~*~ (stealth).
  3129 | D:4      | Found a glowing drain.
  3141 | D:4      | 3141 ||| UPGRADING to +0 pair of boots.
  3167 | Sewer    | Entered a sewer
  3229 | Sewer    | 3229 ||| Stepping ~*~*~tactically~*~*~ (water).
  3305 | Sewer    | 3305 ||| Stepping ~*~*~tactically~*~*~ (water).
  3307 | Sewer    | Reached skill level 6 in Axes
  3319 | Sewer    | Found a white marble altar of Elyvilon.
  3353 | Sewer    | 3353 ||| DROPPING potion of flight.
  3360 | D:4      | 3360 ||| PLANNING D:1-11
  3464 | D:4      | 3464 ||| Stepping ~*~*~tactically~*~*~ (hiding).
  3589 | D:4      | Reached skill level 1 in Dodging
  3939 | D:4      | Reached XP level 7. HP: 43/43 MP: 7/7
  4106 | D:4      | 4106 ||| UPGRADING to +4 plate armour.
  4116 | D:4      | 4116 ||| DROPPING +0 chain mail.
  4117 | D:4      | 4117 ||| READING scroll labelled UGATEONENK.
  4118 | D:4      | 4118 ||| READING scroll labelled OMMUTAJELU.
  4119 | D:4      | 4119 ||| READING scroll labelled FOOMEU XOYTT.
  4120 | D:4      | 4120 ||| READING 2 scrolls of identify.
  4120 | D:4      | 4120 ||| IDENTIFYING viscous yellow potion
  4121 | D:4      | 4121 ||| DROPPING potion of brilliance.
  4170 | D:5      | Entered Level 5 of the Dungeon
  4180 | D:5      | HP: 9/43 [acid (5)]
  4181 | D:5      | 4181 ||| DRINKING potion of heal wounds.
  4203 | D:5      | 4203 ||| FLEEEEING.
  4204 | D:5      | 4204 ||| FLEEEEING.
  4205 | D:5      | 4205 ||| STAIRDANCE
  4280 | D:5      | Reached XP level 8. HP: 48/48 MP: 8/8
  4312 | D:5      | 4312 ||| Stepping ~*~*~tactically~*~*~ (stealth).
  4326 | D:5      | 4326 ||| Stepping ~*~*~tactically~*~*~ (stealth).
  4731 | D:5      | 4731 ||| UPGRADING to +6 ring of dexterity.
  4732 | D:5      | 4732 ||| UPGRADING to +4 ring of evasion.
  4734 | D:5      | 4734 ||| DROPPING +6 ring of dexterity.
  4735 | D:5      | 4735 ||| READING scroll labelled VORRUX ONERIS.
  4736 | D:5      | 4736 ||| READING 3 scrolls of identify.
  4736 | D:5      | 4736 ||| IDENTIFYING viscous dark potion
  4737 | D:5      | 4737 ||| READING 2 scrolls of identify.
  4737 | D:5      | 4737 ||| IDENTIFYING murky pink potion
  4738 | D:5      | 4738 ||| DROPPING potion of magic.
  4947 | D:6      | 4947 ||| Stepping ~*~*~tactically~*~*~ (hiding).
  4961 | D:6      | HP: 5/49 [steam dragon/ball of steam (10)]
  4962 | D:6      | 4962 ||| DRINKING potion of heal wounds.
  5071 | D:6      | 5071 ||| Stepping ~*~*~tactically~*~*~ (stealth).
  5072 | D:6      | 5072 ||| Stepping ~*~*~tactically~*~*~ (stealth).
  5373 | D:6      | Found an iron altar of Okawaru.
  5373 | D:6      | Found a sacrificial altar of Ru.
  5374 | D:6      | 5374 ||| PLANNING OKAWARU WORSHIP
  5374 | D:6      | 5374 ||| READING scroll labelled JOG TEYDAMPIUL.
  5375 | D:6      | 5375 ||| READING 2 scrolls of identify.
  5375 | D:6      | 5375 ||| IDENTIFYING fizzy amethyst potion
  5380 | D:6      | Became a worshipper of Warmaster Okawaru
  5381 | D:6      | 5381 ||| PLANNING D:1-11
  5569 | D:6      | Found a snail-covered altar of Cheibriados.
  5590 | D:6      | 5590 ||| READING 2 scrolls of identify.
  5590 | D:6      | 5590 ||| IDENTIFYING purple potion
  5591 | D:6      | 5591 ||| DROPPING potion of degeneration.
  5638 | D:7      | 5638 ||| FLEEEEING.
  5639 | D:7      | 5639 ||| FLEEEEING.
  5641 | D:7      | 5641 ||| Stepping ~*~*~tactically~*~*~ (hiding).
  5651 | D:7      | Reached skill level 6 in Fighting
  5654 | D:7      | 5654 ||| FLEEEEING.
  5656 | D:7      | 5656 ||| FLEEEEING.
  5657 | D:7      | 5657 ||| FLEEEEING.
  5658 | D:7      | 5658 ||| FLEEEEING.
  5658 | D:7      | HP: 12/51 [orc priest/divine providence (10)]
  5659 | D:7      | 5659 ||| FLEEEEING.
  5660 | D:7      | 5660 ||| FLEEEEING.
  5661 | D:7      | 5661 ||| FLEEEEING.
  5662 | D:7      | 5662 ||| FLEEEEING.
  5663 | D:7      | 5663 ||| FLEEEEING.
  5664 | D:7      | 5664 ||| FLEEEEING.
  5665 | D:7      | 5665 ||| FLEEEEING.
  5666 | D:7      | 5666 ||| FLEEEEING.
  5667 | D:7      | 5667 ||| FLEEEEING.
  5668 | D:7      | 5668 ||| FLEEEEING.
  5669 | D:7      | 5669 ||| STAIRDANCE
  5676 | D:6      | 5676 ||| DRINKING 2 potions of curing.
  5676 | D:6      | 5676 ||| (to cure confusion)
  5842 | D:6      | 5842 ||| DROPPING ring of willpower.
  5850 | D:7      | 5850 ||| DRINKING potion of curing.
  5850 | D:7      | 5850 ||| (to cure confusion)
  5977 | D:7      | Identified the +1 ring mail "Ruenlit" {Drain +Blink rF+}
  5978 | D:7      | 5978 ||| Stepping ~*~*~tactically~*~*~ (stealth).
  5979 | D:7      | 5979 ||| Stepping ~*~*~tactically~*~*~ (stealth).
  5988 | D:7      | Reached XP level 9. HP: 55/55 MP: 9/9
  6238 | D:7      | Found Toroux's Weapon Boutique.
  6247 | D:7      | 6247 ||| SHOPLISTING +3 vampiric broad axe (406 gold, have
                  | 309).
  6320 | D:7      | Reached skill level 9 in Axes
  6362 | D:7      | 6362 ||| Stepping ~*~*~tactically~*~*~ (hiding).
  6363 | D:7      | 6363 ||| Stepping ~*~*~tactically~*~*~ (hiding).
  6367 | D:7      | Reached * piety under Okawaru
  6470 | D:7      | Found a white marble altar of Elyvilon.
  6511 | D:7      | 6511 ||| INVOKING Heroism.
  6516 | D:7      | Reached skill level 1 in Invocations
  6534 | D:7      | 6534 ||| READING scroll of brand weapon.
  6534 | D:7      | 6534 ||| BRANDING +0 war axe of flaming.
  6566 | D:7      | 6566 ||| DROPPING +0 whip.
  6609 | D:7      | 6609 ||| Stepping ~*~*~tactically~*~*~ (hiding).
  6610 | D:7      | 6610 ||| Stepping ~*~*~tactically~*~*~ (hiding).
  6613 | D:7      | 6613 ||| INVOKING Heroism.
  6614 | D:7      | 6614 ||| INVOKING Heroism.
  6798 | D:7      | 6798 ||| DROPPING +0 flail.
  6917 | D:7      | Found a staircase to the Ecumenical Temple.
  6918 | D:7      | 6918 ||| INVOKING Heroism.
  6926 | D:7      | Reached skill level 6 in Armour
  7276 | D:7      | 7276 ||| UPGRADING to +0 pair of gloves.
  7281 | D:7      | 7281 ||| DROPPING amulet of guardian spirit.
  7282 | D:7      | 7282 ||| DROPPING ring of flight.
  7449 | D:8      | 7449 ||| INVOKING Heroism.
  7460 | D:8      | 7460 ||| Stepping ~*~*~tactically~*~*~ (stealth).
  7461 | D:8      | 7461 ||| Stepping ~*~*~tactically~*~*~ (stealth).
  7586 | D:8      | Reached skill level 3 in Invocations
  7586 | D:8      | 7586 ||| Stepping ~*~*~tactically~*~*~ (stealth).
  7728 | D:8      | Found a sparkling altar of Nemelex Xobeh.
  7881 | D:8      | Noticed Pikel
  7882 | D:8      | 7882 ||| Stepping ~*~*~tactically~*~*~ (stealth).
  7886 | D:8      | 7886 ||| INVOKING Heroism.
  7887 | D:8      | 7887 ||| Stepping ~*~*~tactically~*~*~ (stealth).
  7904 | D:8      | Killed Pikel
  7904 | D:8      | Reached ** piety under Okawaru
  7905 | D:8      | Reached XP level 10. HP: 58/63 MP: 11/13
  8025 | D:8      | 8025 ||| Stepping ~*~*~tactically~*~*~ (hiding).
  8026 | D:8      | 8026 ||| Stepping ~*~*~tactically~*~*~ (hiding).
  8045 | D:8      | 8045 ||| INVOKING Heroism.
  8349 | D:8      | 8349 ||| Stepping ~*~*~tactically~*~*~ (stealth).
  8350 | D:8      | 8350 ||| Stepping ~*~*~tactically~*~*~ (stealth).
  8354 | D:8      | 8354 ||| Stepping ~*~*~tactically~*~*~ (stealth).
  8363 | D:8      | 8363 ||| Stepping ~*~*~tactically~*~*~ (stealth).
  8428 | D:8      | Noticed a two-headed ogre
  8429 | D:8      | 8429 ||| INVOKING Heroism.
  8441 | D:8      | Killed a two-headed ogre
  8551 | D:8      | Found an ornate altar of the Wu Jian Council.
  8797 | D:8      | 8797 ||| READING scroll labelled YLIWNO QUPHOGY.
  8913 | D:9      | 8913 ||| INVOKING Heroism.
  9022 | D:9      | 9022 ||| INVOKING Heroism.
  9078 | D:9      | Found a staircase to the Orcish Mines.
  9089 | D:9      | Found a hide-covered altar of Uskayaw.
  9096 | D:9      | Found a staircase to the Lair.
  9229 | D:9      | Found Vauthid's Weapon Shoppe.
  9582 | D:9      | 9582 ||| Stepping ~*~*~tactically~*~*~ (stealth).
  9585 | D:9      | 9585 ||| INVOKING Heroism.
  9791 | D:9      | 9791 ||| PLANNING LAIR
  9827 | Lair:1   | Entered Level 1 of the Lair of Beasts
  9827 | Lair:1   | Noticed a cane toad
  9828 | Lair:1   | 9828 ||| INVOKING Heroism.
  9834 | Lair:1   | Killed a cane toad
  9927 | Lair:1   | Noticed a black mamba
  9928 | Lair:1   | 9928 ||| INVOKING Heroism.
  9934 | Lair:1   | Killed a black mamba
  9961 | Lair:1   | 9961 ||| INVOKING Heroism.
  9963 | Lair:1   | Reached *** piety under Okawaru
 10151 | Lair:1   | Noticed a cane toad
 10152 | Lair:1   | 10152 ||| INVOKING Heroism.
 10163 | Lair:1   | Killed a cane toad
 10289 | Lair:1   | 10289 ||| INVOKING Heroism.
 10298 | Lair:1   | Reached XP level 11. HP: 57/69 MP: 12/14
 10415 | Lair:1   | 10415 ||| Stepping ~*~*~tactically~*~*~ (stealth).
 10433 | Lair:1   | 10433 ||| INVOKING Heroism.
 10442 | Lair:1   | 10442 ||| Stepping ~*~*~tactically~*~*~ (stealth).
 10465 | Lair:1   | 10465 ||| Stepping ~*~*~tactically~*~*~ (stealth).
 10468 | Lair:1   | 10468 ||| INVOKING Heroism.
 10596 | Lair:1   | 10596 ||| Stepping ~*~*~tactically~*~*~ (stealth).
 10612 | Lair:1   | 10612 ||| Stepping ~*~*~tactically~*~*~ (stealth).
 10617 | Lair:1   | Reached skill level 9 in Fighting
 10643 | Lair:1   | 10643 ||| Stepping ~*~*~tactically~*~*~ (stealth).
 10645 | Lair:1   | 10645 ||| Stepping ~*~*~tactically~*~*~ (stealth).
 10649 | Lair:1   | 10649 ||| Stepping ~*~*~tactically~*~*~ (stealth).
 10651 | Lair:1   | 10651 ||| Stepping ~*~*~tactically~*~*~ (stealth).
 10653 | Lair:1   | 10653 ||| Stepping ~*~*~tactically~*~*~ (stealth).
 10657 | Lair:1   | 10657 ||| Stepping ~*~*~tactically~*~*~ (stealth).
 10660 | Lair:1   | 10660 ||| Stepping ~*~*~tactically~*~*~ (stealth).
 10663 | Lair:1   | 10663 ||| INVOKING Heroism.
 10717 | Lair:1   | 10717 ||| Stepping ~*~*~tactically~*~*~ (stealth).
 10739 | Lair:1   | 10739 ||| Stepping ~*~*~tactically~*~*~ (stealth).
 10740 | Lair:1   | 10740 ||| Stepping ~*~*~tactically~*~*~ (stealth).
 10755 | Lair:1   | 10755 ||| Stepping ~*~*~tactically~*~*~ (stealth).
 10759 | Lair:1   | 10759 ||| Stepping ~*~*~tactically~*~*~ (stealth).
 10930 | Lair:1   | Noticed Fannar
 10931 | Lair:1   | 10931 ||| Stepping ~*~*~tactically~*~*~ (hiding).
 10932 | Lair:1   | 10932 ||| Stepping ~*~*~tactically~*~*~ (hiding).
 10951 | Lair:1   | 10951 ||| Stepping ~*~*~tactically~*~*~ (stealth).
 10953 | Lair:1   | 10953 ||| INVOKING Heroism.
 10958 | Lair:1   | 10958 ||| Stepping ~*~*~tactically~*~*~ (stealth).
 10975 | Lair:1   | Killed Fannar
 10975 | Lair:1   | Reached **** piety under Okawaru
 10980 | Lair:1   | HP: 12/71 [komodo dragon (19)]
 10981 | Lair:1   | 10981 ||| DRINKING 4 potions of heal wounds.
 10994 | Lair:1   | 10994 ||| Stepping ~*~*~tactically~*~*~ (stealth).
 11021 | Lair:1   | 11021 ||| INVOKING Heroism.
 11241 | Lair:1   | Noticed Gastronok
 11242 | Lair:1   | 11242 ||| INVOKING Heroism.
 11259 | Lair:1   | HP: 14/71 [Gastronok/the air (26)]
 11260 | Lair:1   | 11260 ||| DRINKING 3 potions of heal wounds.
 11262 | Lair:1   | Killed Gastronok
 11263 | Lair:1   | Reached skill level 12 in Axes
 11263 | Lair:1   | Reached skill level 6 in Invocations
 11592 | Lair:1   | 11592 ||| UPGRADING to +0 cloak.
 11597 | Lair:1   | 11597 ||| READING scroll labelled IRE FACVIOKO.
 11615 | Lair:2   | Found a burning altar of Makhleb.
 11620 | Lair:2   | 11620 ||| STAIRDANCE
 11653 | Lair:2   | 11653 ||| INVOKING Heroism.
 11769 | Lair:2   | Reached ***** piety under Okawaru
 11810 | Lair:2   | 11810 ||| INVOKING Heroism.
 11847 | Lair:2   | 11847 ||| Stepping ~*~*~tactically~*~*~ (stealth).
 11848 | Lair:2   | 11848 ||| Stepping ~*~*~tactically~*~*~ (stealth).
 11861 | Lair:2   | 11861 ||| INVOKING Heroism.
 11944 | Lair:2   | 11944 ||| INVOKING Heroism.
 12089 | Lair:2   | Reached skill level 9 in Armour
 12178 | Lair:2   | 12178 ||| INVOKING Heroism.
 12240 | Lair:2   | Noticed a catoblepas
 12241 | Lair:2   | 12241 ||| INVOKING Heroism.
 12242 | Lair:2   | 12242 ||| INVOKING Finesse.
 12253 | Lair:2   | Killed a catoblepas
 12409 | Lair:2   | 12409 ||| Stepping ~*~*~tactically~*~*~ (hiding).
 12419 | Lair:2   | Reached XP level 12. HP: 76/76 MP: 18/18
 12681 | Lair:2   | 12681 ||| Stepping ~*~*~tactically~*~*~ (stealth).
 12682 | Lair:2   | 12682 ||| INVOKING Heroism.
 12697 | Lair:2   | Reached skill level 6 in Shields
 12892 | Lair:2   | Reached skill level 9 in Invocations
 13055 | Lair:2   | 13055 ||| READING 4 scrolls of identify.
 13055 | Lair:2   | 13055 ||| IDENTIFYING pink potion
 13056 | Lair:2   | 13056 ||| DROPPING potion of invisibility.
 13070 | Lair:3   | 13070 ||| INVOKING Heroism.
 13071 | Lair:3   | 13071 ||| Stepping ~*~*~tactically~*~*~ (stealth).
 13125 | Lair:3   | 13125 ||| FLEEEEING.
 13126 | Lair:3   | 13126 ||| STAIRDANCE
 13313 | Lair:3   | 13313 ||| STAIRDANCE
 13315 | Lair:2   | 13315 ||| INVOKING Heroism.
 13414 | Lair:3   | 13414 ||| INVOKING Heroism.
 13421 | Lair:3   | Received a gift from Okawaru
 13509 | Lair:3   | 13509 ||| SWAPPING to +1 vampiric broad axe.
 13510 | Lair:3   | 13510 ||| DROPPING +0 vorpal war axe.
 13537 | Lair:3   | 13537 ||| INVOKING Heroism.
 13698 | Lair:3   | 13698 ||| Stepping ~*~*~tactically~*~*~ (stealth).
 13706 | Lair:3   | 13706 ||| INVOKING Heroism.
 13870 | Lair:3   | 13870 ||| INVOKING Heroism.
 13933 | Lair:3   | 13933 ||| INVOKING Heroism.
 13967 | Lair:3   | Found a hole to the Spider Nest.
 13969 | Lair:3   | 13969 ||| INVOKING Heroism.
 14018 | Lair:3   | Found a staircase to the Swamp.
 14123 | Lair:3   | 14123 ||| INVOKING Heroism.
 14676 | Lair:3   | 14676 ||| DROPPING orb of guile.
 14722 | Lair:4   | 14722 ||| INVOKING Heroism.
 14724 | Lair:4   | 14724 ||| STAIRDANCE
 14738 | Lair:4   | 14738 ||| STAIRDANCE
 14750 | Lair:3   | Reached XP level 13. HP: 82/82 MP: 20/20
 14765 | Lair:4   | 14765 ||| STAIRDANCE
 14810 | Lair:4   | 14810 ||| Stepping ~*~*~tactically~*~*~ (stealth).
 14815 | Lair:4   | 14815 ||| INVOKING Heroism.
 14820 | Lair:4   | 14820 ||| Stepping ~*~*~tactically~*~*~ (stealth).
 14831 | Lair:4   | Identified the +1 plate armour of Paranoia {rPois Int+6}
                  | (Okawaru gifted it to you on level 4 of the Lair of Beasts)
 14831 | Lair:4   | Received a gift from Okawaru
 14948 | Lair:4   | 14948 ||| Stepping ~*~*~tactically~*~*~ (stealth).
 14949 | Lair:4   | 14949 ||| INVOKING Heroism.
 14950 | Lair:4   | 14950 ||| INVOKING Finesse.
 15053 | Lair:4   | 15053 ||| Stepping ~*~*~tactically~*~*~ (stealth).
 15054 | Lair:4   | 15054 ||| INVOKING Heroism.
 15082 | Lair:4   | 15082 ||| Stepping ~*~*~tactically~*~*~ (stealth).
 15090 | Lair:4   | 15090 ||| INVOKING Heroism.
 15103 | Lair:4   | 15103 ||| Stepping ~*~*~tactically~*~*~ (stealth).
 15116 | Lair:4   | Found a viscous altar of Jiyva.
 15116 | Lair:4   | Found a staircase to the Slime Pits.
 15172 | Lair:4   | Reached skill level 1 in Throwing
 15308 | Lair:4   | 15308 ||| INVOKING Heroism.
 15433 | Lair:4   | 15433 ||| INVOKING Heroism.
 15434 | Lair:4   | 15434 ||| INVOKING Finesse.
 15717 | Lair:4   | 15717 ||| DROPPING +1 plate armour of Paranoia {rPois
                  | Int+6}.
 15745 | Lair:5   | Entered Level 5 of the Lair of Beasts
 15746 | Lair:5   | 15746 ||| INVOKING Heroism.
 15747 | Lair:5   | 15747 ||| INVOKING Finesse.
 15748 | Lair:5   | 15748 ||| STAIRDANCE
 15794 | Lair:5   | 15794 ||| STAIRDANCE
 15796 | Lair:4   | 15796 ||| SWAPPING to +1 flail of venom.
 15797 | Lair:4   | 15797 ||| INVOKING Finesse.
 15798 | Lair:4   | 15798 ||| INVOKING Heroism.
 15799 | Lair:4   | 15799 ||| Stepping ~*~*~tactically~*~*~ (outnumbered).
 15800 | Lair:4   | 15800 ||| Stepping ~*~*~tactically~*~*~ (outnumbered).
 15801 | Lair:4   | 15801 ||| Stepping ~*~*~tactically~*~*~ (outnumbered).
 15802 | Lair:4   | 15802 ||| Stepping ~*~*~tactically~*~*~ (outnumbered).
 15803 | Lair:4   | 15803 ||| Stepping ~*~*~tactically~*~*~ (outnumbered).
 15804 | Lair:4   | 15804 ||| Stepping ~*~*~tactically~*~*~ (outnumbered).
 15805 | Lair:4   | 15805 ||| Stepping ~*~*~tactically~*~*~ (outnumbered).
 15806 | Lair:4   | 15806 ||| Stepping ~*~*~tactically~*~*~ (outnumbered).
 15807 | Lair:4   | 15807 ||| Stepping ~*~*~tactically~*~*~ (outnumbered).
 15813 | Lair:4   | 15813 ||| INVOKING Heroism.
 15819 | Lair:4   | Reached skill level 3 in Throwing
 15837 | Lair:4   | 15837 ||| SWAPPING to +1 vampiric broad axe.
 15899 | Lair:5   | 15899 ||| INVOKING Heroism.
 15952 | Lair:5   | 15952 ||| Stepping ~*~*~tactically~*~*~ (stealth).
 15956 | Lair:5   | 15956 ||| Stepping ~*~*~tactically~*~*~ (stealth).
 15959 | Lair:5   | 15959 ||| INVOKING Heroism.
 15975 | Lair:5   | 15975 ||| Stepping ~*~*~tactically~*~*~ (hiding).
 16004 | Lair:5   | Received a gift from Okawaru
 16026 | Lair:5   | 16026 ||| Stepping ~*~*~tactically~*~*~ (stealth).
 16028 | Lair:5   | 16028 ||| Stepping ~*~*~tactically~*~*~ (stealth).
 16029 | Lair:5   | 16029 ||| INVOKING Heroism.
 16037 | Lair:5   | 16037 ||| INVOKING Finesse.
 16089 | Lair:5   | Received a gift from Okawaru
 16107 | Lair:5   | 16107 ||| Stepping ~*~*~tactically~*~*~ (stealth).
 16108 | Lair:5   | 16108 ||| Stepping ~*~*~tactically~*~*~ (stealth).
 16109 | Lair:5   | 16109 ||| Stepping ~*~*~tactically~*~*~ (stealth).
 16112 | Lair:5   | 16112 ||| INVOKING Heroism.
 16121 | Lair:5   | 16121 ||| Stepping ~*~*~tactically~*~*~ (stealth).
 16129 | Lair:5   | 16129 ||| Stepping ~*~*~tactically~*~*~ (stealth).
 16135 | Lair:5   | Gained mutation: Your large and strong wings let you fly.
                  | [Gargoyle growth]
 16135 | Lair:5   | Reached XP level 14. HP: 80/90 MP: 21/21
 16135 | Lair:5   | 16135 ||| Stepping ~*~*~tactically~*~*~ (stealth).
 16138 | Lair:5   | 16138 ||| INVOKING Finesse.
 16142 | Lair:5   | 16142 ||| INVOKING Heroism.
 16218 | Lair:5   | 16218 ||| Stepping ~*~*~tactically~*~*~ (stealth).
 16232 | Lair:5   | 16232 ||| INVOKING Heroism.
 16235 | Lair:5   | Reached skill level 15 in Axes
 16320 | Lair:5   | 16320 ||| Stepping ~*~*~tactically~*~*~ (stealth).
 16328 | Lair:5   | 16328 ||| INVOKING Heroism.
 16360 | Lair:5   | 16360 ||| INVOKING Finesse.
 16361 | Lair:5   | 16361 ||| Stepping ~*~*~tactically~*~*~ (stealth).
 16379 | Lair:5   | 16379 ||| Stepping ~*~*~tactically~*~*~ (stealth).
 16414 | Lair:5   | Reached skill level 12 in Fighting
 16453 | Lair:5   | 16453 ||| INVOKING Heroism.
 16531 | Lair:5   | 16531 ||| Stepping ~*~*~tactically~*~*~ (stealth).
 16536 | Lair:5   | 16536 ||| INVOKING Heroism.
 16555 | Lair:5   | Received a gift from Okawaru
 16676 | Lair:5   | 16676 ||| Stepping ~*~*~tactically~*~*~ (stealth).
 16681 | Lair:5   | 16681 ||| Stepping ~*~*~tactically~*~*~ (stealth).
 16684 | Lair:5   | 16684 ||| Stepping ~*~*~tactically~*~*~ (stealth).
 16688 | Lair:5   | 16688 ||| Stepping ~*~*~tactically~*~*~ (stealth).
 16695 | Lair:5   | 16695 ||| INVOKING Heroism.
 16869 | Lair:5   | 16869 ||| Stepping ~*~*~tactically~*~*~ (stealth).
 16890 | Lair:5   | Reached skill level 12 in Armour
 16959 | Lair:5   | 16959 ||| Stepping ~*~*~tactically~*~*~ (stealth).
 16988 | Lair:5   | 16988 ||| Stepping ~*~*~tactically~*~*~ (stealth).
 16989 | Lair:5   | 16989 ||| INVOKING Heroism.
 16990 | Lair:5   | 16990 ||| INVOKING Finesse.
 16996 | Lair:5   | 16996 ||| Stepping ~*~*~tactically~*~*~ (hiding).
 17077 | Lair:5   | 17077 ||| Stepping ~*~*~tactically~*~*~ (stealth).
 17078 | Lair:5   | 17078 ||| INVOKING Heroism.
 17079 | Lair:5   | 17079 ||| INVOKING Finesse.
 17096 | Lair:5   | 17096 ||| SWAPPING to +1 flail of venom.
 17103 | Lair:5   | 17103 ||| Stepping ~*~*~tactically~*~*~ (outnumbered).
 17109 | Lair:5   | 17109 ||| SWAPPING to +1 vampiric broad axe.
 17142 | Lair:5   | 17142 ||| Stepping ~*~*~tactically~*~*~ (stealth).
 17200 | Lair:5   | Identified the +6 plate armour of the Accordion {rN+}
 17463 | Lair:5   | 17463 ||| PLANNING D:1-11
 17463 | Lair:5   | 17463 ||| UPGRADING to scarf of repulsion.
 17473 | Lair:5   | 17473 ||| UPGRADING to +6 plate armour of the Accordion
                  | {rN+}.
 17483 | Lair:5   | 17483 ||| DROPPING +4 plate armour.
 17484 | Lair:5   | 17484 ||| DROPPING amulet of magic regeneration.
 17485 | Lair:5   | 17485 ||| READING scroll labelled VEYHEYQANN.
 17486 | Lair:5   | 17486 ||| DRINKING 2 bubbling ruby potions.
 17587 | Lair:5   | 17587 ||| DROPPING potion of ambrosia.
 17700 | D:10     | Entered Level 10 of the Dungeon
 17712 | D:10     | 17712 ||| Stepping ~*~*~tactically~*~*~ (cloud).
 17731 | D:10     | 17731 ||| Stepping ~*~*~tactically~*~*~ (cloud).
 18013 | D:10     | Found a glowing golden altar of the Shining One.
 18093 | D:10     | 18093 ||| INVOKING Heroism.
 18305 | D:10     | 18305 ||| READING scroll labelled PIOJAR HEUNE.
 18415 | D:11     | 18415 ||| INVOKING Heroism.
 18416 | D:11     | 18416 ||| INVOKING Finesse.
 18573 | D:11     | 18573 ||| INVOKING Heroism.
 19103 | D:11     | Found a basalt altar of Yredelemnul.
 19429 | D:11     | 19429 ||| PLANNING D
 19429 | D:11     | 19429 ||| UPGRADING to amulet of regeneration.
 19494 | D:12     | 19494 ||| STAIRDANCE
 19509 | D:12     | 19509 ||| STAIRDANCE
 19527 | D:12     | Identified the +1 chain mail "Gyhemi Jufyh" {rCorr}
 19541 | D:12     | 19541 ||| INVOKING Heroism.
 19542 | D:12     | 19542 ||| INVOKING Finesse.
 19569 | D:12     | Received a gift from Okawaru
 19597 | D:12     | 19597 ||| DROPPING +1 flail of venom.
 19761 | D:12     | Reached XP level 15. HP: 96/96 MP: 22/22
 19800 | D:12     | 19800 ||| Stepping ~*~*~tactically~*~*~ (stealth).
 19822 | D:12     | 19822 ||| Stepping ~*~*~tactically~*~*~ (stealth).
 19824 | D:12     | 19824 ||| Stepping ~*~*~tactically~*~*~ (hiding).
 19855 | D:12     | 19855 ||| Stepping ~*~*~tactically~*~*~ (hiding).
 19856 | D:12     | 19856 ||| Stepping ~*~*~tactically~*~*~ (hiding).
 19857 | D:12     | 19857 ||| INVOKING Heroism.
 20615 | D:12     | 20615 ||| DROPPING orb of light.
 20616 | D:12     | 20616 ||| DROPPING ring of positive energy.
 20703 | D:13     | 20703 ||| Stepping ~*~*~tactically~*~*~ (stealth).
 20714 | D:13     | Reached skill level 3 in Dodging
 20751 | D:13     | 20751 ||| Stepping ~*~*~tactically~*~*~ (stealth).
 21007 | D:13     | 21007 ||| INVOKING Heroism.
 21008 | D:13     | 21008 ||| INVOKING Finesse.
 21012 | D:13     | 21012 ||| SWAPPING to +0 war axe of flaming.
 21022 | D:13     | 21022 ||| SWAPPING to +1 vampiric broad axe.
 21401 | D:13     | 21401 ||| INVOKING Heroism.
 21627 | D:13     | You are sucked into a shaft and drop 2 floors!
 21627 | D:15     | Entered Level 15 of the Dungeon
 21667 | D:15     | 21667 ||| INVOKING Heroism.
 21668 | D:15     | 21668 ||| Stepping ~*~*~tactically~*~*~ (hiding).
 21701 | D:15     | Received a gift from Okawaru
 21714 | D:15     | 21714 ||| DROPPING +1 war axe of freezing.
 21727 | D:15     | Found a staircase to the Depths.
 21729 | D:15     | 21729 ||| INVOKING Heroism.
 21828 | D:15     | 21828 ||| INVOKING Heroism.
 21871 | D:15     | 21871 ||| Stepping ~*~*~tactically~*~*~ (stealth).
 21880 | D:15     | 21880 ||| DRINKING 7 potions of curing.
 21880 | D:15     | 21880 ||| (to cure confusion)
 21882 | D:15     | 21882 ||| INVOKING Heroism.
 21884 | D:15     | 21884 ||| Stepping ~*~*~tactically~*~*~ (stealth).
 22085 | D:14     | 22085 ||| INVOKING Heroism.
 22183 | D:14     | 22183 ||| Stepping ~*~*~tactically~*~*~ (hiding).
 22184 | D:14     | 22184 ||| Stepping ~*~*~tactically~*~*~ (hiding).
 22251 | D:14     | 22251 ||| INVOKING Heroism.
 22252 | D:14     | 22252 ||| INVOKING Finesse.
 22254 | D:14     | 22254 ||| Stepping ~*~*~tactically~*~*~ (stealth).
 22255 | D:14     | 22255 ||| SWAPPING to +0 war axe of flaming.
 22261 | D:14     | 22261 ||| SWAPPING to +1 vampiric broad axe.
 22265 | D:14     | 22265 ||| SWAPPING to +0 war axe of flaming.
 22270 | D:14     | 22270 ||| SWAPPING to +1 vampiric broad axe.
 22276 | D:14     | 22276 ||| Stepping ~*~*~tactically~*~*~ (stealth).
 22329 | D:14     | 22329 ||| Stepping ~*~*~tactically~*~*~ (stealth).
 22346 | D:14     | 22346 ||| Stepping ~*~*~tactically~*~*~ (stealth).
 22465 | D:14     | 22465 ||| INVOKING Heroism.
 22474 | D:14     | 22474 ||| Stepping ~*~*~tactically~*~*~ (hiding).
 22486 | D:14     | Received a gift from Okawaru
 22545 | D:14     | 22545 ||| READING scroll of enchant weapon.
 22545 | D:14     | 22545 ||| ENCHANTING +1 vampiric broad axe.
 22564 | D:14     | Found a gate to the Vaults.
 22565 | D:14     | 22565 ||| INVOKING Heroism.
 22605 | D:14     | 22605 ||| INVOKING Heroism.
 22617 | D:14     | HP: 21/98 [freezing wraith (16)]
 22617 | D:14     | HP: 8/98 [meliai/divine providence (13)]
 22618 | D:14     | 22618 ||| READING 3 scrolls of teleportation.
 22619 | D:14     | 22619 ||| DRINKING 4 potions of heal wounds.
 22620 | D:14     | 22620 ||| DRINKING 3 potions of heal wounds.
 22653 | D:14     | 22653 ||| READING scroll of enchant armour.
 22653 | D:14     | 22653 ||| ENCHANTING +0 pair of gloves.
 22658 | D:14     | Identified the +1 scale mail of Follow the Leader {rN++
                  | Str+3}
 22664 | D:14     | 22664 ||| DRINKING 6 potions of curing.
 22664 | D:14     | 22664 ||| (to cure confusion)
 22665 | D:14     | 22665 ||| DRINKING 5 potions of curing.
 22665 | D:14     | 22665 ||| (to cure confusion)
 22666 | D:14     | 22666 ||| DRINKING 4 potions of curing.
 22666 | D:14     | 22666 ||| (to cure confusion)
 22668 | D:14     | 22668 ||| DRINKING 3 potions of curing.
 22668 | D:14     | 22668 ||| (to cure confusion)
 22670 | D:14     | Reached skill level 6 in Throwing
 22670 | D:14     | 22670 ||| Stepping ~*~*~tactically~*~*~ (stealth).
 22671 | D:14     | 22671 ||| Stepping ~*~*~tactically~*~*~ (stealth).
 22672 | D:14     | 22672 ||| Stepping ~*~*~tactically~*~*~ (stealth).
 22673 | D:14     | 22673 ||| Stepping ~*~*~tactically~*~*~ (stealth).
 22691 | D:14     | Identified the +5 arbalest "Verenogoi" {venom, Int+4}
 22692 | D:14     | 22692 ||| Stepping ~*~*~tactically~*~*~ (hiding).
 22695 | D:14     | 22695 ||| INVOKING Heroism.
 22696 | D:14     | 22696 ||| SWAPPING to +0 war axe of flaming.
 22701 | D:14     | 22701 ||| SWAPPING to +2 vampiric broad axe.
 22707 | D:14     | Received a gift from Okawaru
 22765 | D:14     | 22765 ||| INVOKING Heroism.
 22821 | D:14     | 22821 ||| INVOKING Heroism.
 22822 | D:14     | 22822 ||| INVOKING Finesse.
 22926 | D:14     | 22926 ||| INVOKING Heroism.
 22993 | D:14     | 22993 ||| INVOKING Heroism.
 23211 | D:14     | 23211 ||| UPGRADING to +2 buckler.
 23221 | D:14     | 23221 ||| DROPPING +0 buckler.
 23222 | D:14     | 23222 ||| DROPPING +1 plate armour of poison resistance.
 23223 | D:14     | 23223 ||| UPGRADING to +2 kite shield.
 23233 | D:14     | 23233 ||| DROPPING +2 buckler.
 23234 | D:14     | 23234 ||| UPGRADING to +0 tower shield.
 23244 | D:14     | 23244 ||| DROPPING +2 kite shield.
 23245 | D:14     | 23245 ||| DROPPING ring of ice.
 23323 | D:15     | 23323 ||| FLEEEEING.
 23324 | D:15     | 23324 ||| FLEEEEING.
 23326 | D:15     | 23326 ||| FLEEEEING.
 23327 | D:15     | 23327 ||| FLEEEEING.
 23328 | D:15     | 23328 ||| FLEEEEING.
 23329 | D:15     | 23329 ||| FLEEEEING.
 23329 | D:15     | Found a sacrificial altar of Ru.
 23330 | D:15     | 23330 ||| FLEEEEING.
 23481 | D:15     | 23481 ||| Stepping ~*~*~tactically~*~*~ (hiding).
 23483 | D:15     | 23483 ||| Stepping ~*~*~tactically~*~*~ (stealth).
 23484 | D:15     | 23484 ||| INVOKING Heroism.
 23513 | D:15     | Reached skill level 9 in Shields
 23551 | D:15     | 23551 ||| READING scroll of enchant armour.
 23551 | D:15     | 23551 ||| ENCHANTING +1 pair of gloves.
 23814 | D:15     | 23814 ||| PLANNING ORC
 23814 | D:15     | 23814 ||| DROPPING +0 cloak.
 23815 | D:15     | 23815 ||| READING scroll labelled RIPUEH SITIEHOPH.
 23828 | Abyss:2  | Found a corrupted altar of Lugonu.
 23828 | Abyss:2  | Cast into level 2 of the Abyss (a wizard)
 23847 | Abyss:2  | Noticed a bone dragon
 23869 | Abyss:2  | 23869 ||| INVOKING Heroism.
 23869 | Abyss:2  | HP: 20/98 [smoke demon/divine providence (13)]
 23870 | Abyss:2  | 23870 ||| READING 3 scrolls of teleportation.
 23871 | Abyss:2  | 23871 ||| DRINKING 2 potions of heal wounds.
 23875 | Abyss:2  | Reached XP level 16. HP: 30/104 MP: 21/23
 23877 | Abyss:2  | HP: 23/104 [bone dragon (10)]
 23878 | Abyss:2  | 23878 ||| DRINKING potion of heal wounds.
 23894 | Abyss:2  | 23894 ||| Stepping ~*~*~tactically~*~*~ (stealth).
 23933 | Abyss:2  | 23933 ||| Stepping ~*~*~tactically~*~*~ (stealth).
 23934 | Abyss:2  | 23934 ||| Stepping ~*~*~tactically~*~*~ (stealth).
 23935 | Abyss:2  | 23935 ||| Stepping ~*~*~tactically~*~*~ (stealth).
 23966 | Abyss:2  | 23966 ||| Stepping ~*~*~tactically~*~*~ (stealth).
 23973 | Abyss:2  | 23973 ||| INVOKING Heroism.
 24033 | Abyss:2  | 24033 ||| Stepping ~*~*~tactically~*~*~ (stealth).
 24036 | Abyss:2  | 24036 ||| INVOKING Heroism.
 24038 | Abyss:2  | 24038 ||| INVOKING Finesse.
 24137 | Abyss:2  | 24137 ||| Stepping ~*~*~tactically~*~*~ (hiding).
 24148 | Abyss:2  | 24148 ||| Stepping ~*~*~tactically~*~*~ (stealth).
 24162 | Abyss:2  | 24162 ||| Stepping ~*~*~tactically~*~*~ (stealth).
 24201 | Abyss:2  | 24201 ||| Stepping ~*~*~tactically~*~*~ (stealth).
 24215 | Abyss:2  | Noticed a bone dragon
 24240 | Abyss:2  | 24240 ||| INVOKING Heroism.
 24255 | Abyss:2  | Killed a bone dragon
 24258 | Abyss:2  | 24258 ||| Stepping ~*~*~tactically~*~*~ (stealth).
 24281 | Abyss:2  | 24281 ||| Stepping randomly (cloudy).
 24282 | Abyss:2  | 24282 ||| Stepping ~*~*~tactically~*~*~ (cloud).
 24287 | Abyss:2  | 24287 ||| Stepping ~*~*~tactically~*~*~ (stealth).
 24290 | Abyss:2  | Noticed a tentacled starspawn
 24294 | Abyss:2  | Killed a tentacled starspawn
 24353 | Abyss:2  | 24353 ||| Stepping ~*~*~tactically~*~*~ (stealth).
 24353 | Abyss:2  | Noticed a tentacled starspawn
 24354 | Abyss:2  | 24354 ||| Stepping ~*~*~tactically~*~*~ (stealth).
 24361 | Abyss:2  | 24361 ||| Stepping ~*~*~tactically~*~*~ (stealth).
 24406 | Abyss:2  | 24406 ||| Stepping ~*~*~tactically~*~*~ (stealth).
 24417 | Abyss:2  | 24417 ||| Stepping ~*~*~tactically~*~*~ (stealth).
 24432 | Abyss:2  | 24432 ||| Stepping ~*~*~tactically~*~*~ (stealth).
 24443 | Abyss:2  | 24443 ||| INVOKING Heroism.
 24444 | Abyss:2  | Received a gift from Okawaru
 24445 | Abyss:2  | Reached skill level 12 in Shields
 24451 | Abyss:2  | 24451 ||| Stepping ~*~*~tactically~*~*~ (stealth).
 24473 | D:14     | Escaped the Abyss
 24627 | Orc:1    | Entered Level 1 of the Orcish Mines
 24666 | Orc:1    | 24666 ||| Stepping ~*~*~tactically~*~*~ (stealth).
 24668 | Orc:1    | 24668 ||| Stepping ~*~*~tactically~*~*~ (stealth).
 24687 | Orc:1    | 24687 ||| INVOKING Heroism.
 24716 | Orc:1    | 24716 ||| Stepping ~*~*~tactically~*~*~ (hiding).
 24904 | Orc:2    | Entered Level 2 of the Orcish Mines
 24932 | Orc:2    | 24932 ||| Stepping ~*~*~tactically~*~*~ (stealth).
 24934 | Orc:2    | 24934 ||| INVOKING Heroism.
 24942 | Orc:2    | 24942 ||| Stepping ~*~*~tactically~*~*~ (stealth).
 24966 | Orc:2    | 24966 ||| Stepping ~*~*~tactically~*~*~ (stealth).
 24970 | Orc:2    | 24970 ||| Stepping ~*~*~tactically~*~*~ (hiding).
 25047 | Orc:2    | 25047 ||| Stepping ~*~*~tactically~*~*~ (hiding).
 25048 | Orc:2    | 25048 ||| Stepping ~*~*~tactically~*~*~ (hiding).
 25050 | Orc:2    | 25050 ||| Stepping ~*~*~tactically~*~*~ (hiding).
 25052 | Orc:2    | 25052 ||| Stepping ~*~*~tactically~*~*~ (hiding).
 25053 | Orc:2    | 25053 ||| Stepping ~*~*~tactically~*~*~ (hiding).
 25054 | Orc:2    | 25054 ||| Stepping ~*~*~tactically~*~*~ (hiding).
 25159 | Orc:2    | 25159 ||| INVOKING Heroism.
 25216 | Orc:2    | 25216 ||| INVOKING Heroism.
 25219 | Orc:2    | Paralysed by an orc sorcerer for 5 turns
 25349 | Orc:2    | Found a staircase to the Elven Halls.
 25442 | Orc:2    | Found Daphoph's General Store.
 25442 | Orc:2    | Found Nesan's Armour Shop.
 25443 | Orc:2    | Found Huodd's Antique Armour Shop.
 25447 | Orc:2    | Found Afucsec's Armour Boutique.
 25450 | Orc:2    | 25450 ||| BUYING potion of curing (42 gold).
 25450 | Orc:2    | Bought a potion of curing for 42 gold pieces
 25450 | Orc:2    | 25450 ||| BUYING potion of resistance (140 gold).
 25450 | Orc:2    | Bought a potion of resistance for 140 gold pieces
 25451 | Orc:2    | 25451 ||| BUYING +2 ice dragon scales (1224 gold).
 25451 | Orc:2    | Bought +2 ice dragon scales for 1224 gold pieces
 25453 | Orc:2    | 25453 ||| SHOPLISTING +2 plate armour of the Bulwark {rCorr
                  | Str+4} (972 gold, have 405).
 25552 | Orc:2    | 25552 ||| INVOKING Heroism.
 25557 | Orc:2    | 25557 ||| Stepping ~*~*~tactically~*~*~ (stealth).
 25558 | Orc:2    | 25558 ||| Stepping ~*~*~tactically~*~*~ (stealth).
 25632 | Orc:2    | Found Cecuwk Sapt's Jewellery Emporium.
 25637 | Orc:2    | 25637 ||| INVOKING Heroism.
 25643 | Orc:2    | 25643 ||| Stepping ~*~*~tactically~*~*~ (hiding).
 25644 | Orc:2    | 25644 ||| Stepping ~*~*~tactically~*~*~ (hiding).
 25645 | Orc:2    | 25645 ||| Stepping ~*~*~tactically~*~*~ (hiding).
 25646 | Orc:2    | 25646 ||| Stepping ~*~*~tactically~*~*~ (hiding).
 25647 | Orc:2    | 25647 ||| Stepping ~*~*~tactically~*~*~ (hiding).
 25648 | Orc:2    | 25648 ||| Stepping ~*~*~tactically~*~*~ (hiding).
 25759 | Orc:2    | 25759 ||| BUYING ring of fire (400 gold).
 25759 | Orc:2    | Bought a ring of fire for 400 gold pieces
 25801 | Orc:2    | 25801 ||| Stepping ~*~*~tactically~*~*~ (hiding).
 25817 | Orc:2    | 25817 ||| Stepping ~*~*~tactically~*~*~ (hiding).
 25818 | Orc:2    | 25818 ||| Stepping ~*~*~tactically~*~*~ (hiding).
 25824 | Orc:2    | 25824 ||| DRINKING 3 potions of curing.
 25824 | Orc:2    | 25824 ||| (to cure confusion)
 25927 | Orc:1    | 25927 ||| INVOKING Heroism.
 26011 | Orc:1    | 26011 ||| Stepping ~*~*~tactically~*~*~ (hiding).
 26012 | Orc:1    | 26012 ||| Stepping ~*~*~tactically~*~*~ (hiding).
 26086 | Orc:1    | 26086 ||| Stepping ~*~*~tactically~*~*~ (stealth).
 26087 | Orc:1    | 26087 ||| Stepping ~*~*~tactically~*~*~ (stealth).
 26103 | Orc:1    | 26103 ||| Stepping ~*~*~tactically~*~*~ (stealth).
 26105 | Orc:1    | 26105 ||| INVOKING Heroism.
 26106 | Orc:1    | 26106 ||| INVOKING Finesse.
 26202 | Orc:1    | 26202 ||| Stepping ~*~*~tactically~*~*~ (stealth).
 26203 | Orc:1    | 26203 ||| INVOKING Heroism.
 26308 | Orc:1    | 26308 ||| PLANNING SPIDER:1-3
 26432 | Spider:1 | Entered Level 1 of the Spider Nest
 26433 | Spider:1 | 26433 ||| INVOKING Heroism.
 26445 | Spider:1 | 26445 ||| DRINKING 2 potions of curing.
 26445 | Spider:1 | 26445 ||| (to cure confusion)
 26448 | Spider:1 | 26448 ||| DRINKING potion of curing.
 26448 | Spider:1 | 26448 ||| (to cure confusion)
 26504 | Spider:1 | 26504 ||| Stepping ~*~*~tactically~*~*~ (stealth).
 26507 | Spider:1 | 26507 ||| Stepping ~*~*~tactically~*~*~ (stealth).
 26510 | Spider:1 | 26510 ||| Stepping ~*~*~tactically~*~*~ (stealth).
 26535 | Spider:1 | 26535 ||| INVOKING Heroism.
 26541 | Spider:1 | Received a gift from Okawaru
 26570 | Spider:1 | 26570 ||| Stepping ~*~*~tactically~*~*~ (stealth).
 26607 | Spider:1 | 26607 ||| Stepping ~*~*~tactically~*~*~ (stealth).
 26609 | Spider:1 | 26609 ||| Stepping ~*~*~tactically~*~*~ (hiding).
 26610 | Spider:1 | 26610 ||| Stepping ~*~*~tactically~*~*~ (stealth).
 26611 | Spider:1 | 26611 ||| INVOKING Heroism.
 26640 | Spider:1 | 26640 ||| Stepping ~*~*~tactically~*~*~ (stealth).
 26641 | Spider:1 | 26641 ||| Stepping ~*~*~tactically~*~*~ (stealth).
 26642 | Spider:1 | 26642 ||| Stepping ~*~*~tactically~*~*~ (stealth).
 26646 | Spider:1 | 26646 ||| INVOKING Finesse.
 26652 | Spider:1 | 26652 ||| Stepping ~*~*~tactically~*~*~ (hiding).
 26669 | Spider:1 | 26669 ||| INVOKING Finesse.
 26725 | Spider:1 | 26725 ||| INVOKING Heroism.
 26740 | Spider:1 | Received a gift from Okawaru
 26803 | Spider:1 | 26803 ||| Stepping ~*~*~tactically~*~*~ (stealth).
 26810 | Spider:1 | 26810 ||| Stepping ~*~*~tactically~*~*~ (stealth).
 26811 | Spider:1 | 26811 ||| Stepping ~*~*~tactically~*~*~ (stealth).
 26839 | Spider:1 | 26839 ||| INVOKING Heroism.
 26873 | Spider:1 | 26873 ||| Stepping ~*~*~tactically~*~*~ (stealth).
 26885 | Spider:1 | Reached skill level 15 in Shields
 26892 | Spider:1 | 26892 ||| INVOKING Heroism.
 26923 | Spider:1 | 26923 ||| READING scroll of enchant armour.
 26923 | Spider:1 | 26923 ||| ENCHANTING +0 helmet.
 27051 | Spider:1 | Noticed Donald
 27052 | Spider:1 | 27052 ||| INVOKING Heroism.
 27053 | Spider:1 | 27053 ||| INVOKING Finesse.
 27069 | Spider:1 | Killed Donald
 27220 | Spider:2 | 27220 ||| STAIRDANCE
 27241 | Spider:2 | 27241 ||| STAIRDANCE
 27243 | Spider:1 | 27243 ||| INVOKING Heroism.
 27295 | Spider:2 | 27295 ||| Stepping ~*~*~tactically~*~*~ (stealth).
 27337 | Spider:2 | 27337 ||| Stepping ~*~*~tactically~*~*~ (hiding).
 27338 | Spider:2 | 27338 ||| INVOKING Finesse.
 27339 | Spider:2 | 27339 ||| INVOKING Heroism.
 27349 | Spider:2 | Reached XP level 17. HP: 108/108 MP: 17/24
 27523 | Spider:2 | 27523 ||| Stepping ~*~*~tactically~*~*~ (stealth).
 27525 | Spider:2 | 27525 ||| Stepping ~*~*~tactically~*~*~ (stealth).
 27631 | Spider:2 | 27631 ||| Stepping ~*~*~tactically~*~*~ (stealth).
 27652 | Spider:2 | 27652 ||| Stepping ~*~*~tactically~*~*~ (stealth).
 27653 | Spider:2 | 27653 ||| Stepping ~*~*~tactically~*~*~ (stealth).
 27695 | Spider:2 | 27695 ||| Stepping ~*~*~tactically~*~*~ (stealth).
 27698 | Spider:2 | 27698 ||| Stepping ~*~*~tactically~*~*~ (stealth).
 27701 | Spider:2 | 27701 ||| INVOKING Heroism.
 27739 | Spider:2 | 27739 ||| Stepping ~*~*~tactically~*~*~ (hiding).
 27740 | Spider:2 | 27740 ||| Stepping ~*~*~tactically~*~*~ (hiding).
 27761 | Spider:2 | 27761 ||| INVOKING Heroism.
 28067 | Spider:2 | 28067 ||| Stepping ~*~*~tactically~*~*~ (stealth).
 28069 | Spider:2 | 28069 ||| INVOKING Heroism.
 28071 | Spider:2 | 28071 ||| Stepping ~*~*~tactically~*~*~ (stealth).
 28074 | Spider:2 | 28074 ||| Stepping ~*~*~tactically~*~*~ (stealth).
 28082 | Spider:2 | Received a gift from Okawaru
 28252 | Spider:2 | 28252 ||| Stepping ~*~*~tactically~*~*~ (stealth).
 28284 | Spider:2 | 28284 ||| Stepping ~*~*~tactically~*~*~ (hiding).
 28287 | Spider:2 | 28287 ||| INVOKING Heroism.
 28453 | Spider:2 | 28453 ||| DROPPING amulet of the acrobat.
 28495 | Spider:3 | 28495 ||| Stepping ~*~*~tactically~*~*~ (stealth).
 28497 | Spider:3 | 28497 ||| Stepping ~*~*~tactically~*~*~ (hiding).
 28499 | Spider:3 | 28499 ||| INVOKING Heroism.
 28501 | Spider:3 | 28501 ||| INVOKING Finesse.
 28528 | Spider:3 | 28528 ||| INVOKING Finesse.
 28594 | Spider:3 | 28594 ||| Stepping ~*~*~tactically~*~*~ (stealth).
 28651 | Spider:3 | 28651 ||| Stepping ~*~*~tactically~*~*~ (hiding).
 28655 | Spider:3 | 28655 ||| DRINKING 2 potions of curing.
 28655 | Spider:3 | 28655 ||| (to cure confusion)
 28656 | Spider:3 | 28656 ||| INVOKING Heroism.
 28678 | Spider:3 | 28678 ||| INVOKING Finesse.
 28704 | Spider:3 | 28704 ||| Stepping ~*~*~tactically~*~*~ (stealth).
 28713 | Spider:3 | 28713 ||| READING scroll of enchant armour.
 28713 | Spider:3 | 28713 ||| ENCHANTING +1 helmet.
 28730 | Spider:3 | Received a gift from Okawaru
 28780 | Spider:3 | 28780 ||| INVOKING Heroism.
 28793 | Spider:3 | 28793 ||| INVOKING Heroism.
 28856 | Spider:3 | 28856 ||| INVOKING Heroism.
 28857 | Spider:3 | 28857 ||| INVOKING Finesse.
 28903 | Spider:3 | 28903 ||| INVOKING Finesse.
 28905 | Spider:3 | Received a gift from Okawaru
 28961 | Spider:3 | Noticed Mlioglotl
 28962 | Spider:3 | 28962 ||| INVOKING Heroism.
 28963 | Spider:3 | 28963 ||| INVOKING Finesse.
 28974 | Spider:3 | Killed Mlioglotl
 28976 | Spider:3 | Noticed Mara
 28977 | Spider:3 | 28977 ||| Stepping ~*~*~tactically~*~*~ (hiding).
 28979 | Spider:3 | 28979 ||| Stepping ~*~*~tactically~*~*~ (hiding).
 28982 | Spider:3 | 28982 ||| Stepping ~*~*~tactically~*~*~ (hiding).
 29009 | Spider:3 | Noticed qw's illusion
 29010 | Spider:3 | Killed Mara
 29044 | Spider:3 | 29044 ||| Stepping ~*~*~tactically~*~*~ (stealth).
 29059 | Spider:3 | 29059 ||| Stepping ~*~*~tactically~*~*~ (stealth).
 29242 | Spider:3 | 29242 ||| Stepping ~*~*~tactically~*~*~ (stealth).
 29244 | Spider:3 | 29244 ||| Stepping ~*~*~tactically~*~*~ (stealth).
 29246 | Spider:3 | 29246 ||| Stepping ~*~*~tactically~*~*~ (hiding).
 29252 | Spider:3 | 29252 ||| INVOKING Heroism.
 29255 | Spider:3 | Identified the +1 pair of gloves of the Twenty Coins {rC+
                  | Will+} (Okawaru gifted it to you on level 3 of the Spider
                  | Nest)
 29255 | Spider:3 | Received a gift from Okawaru
 29261 | Spider:3 | Reached skill level 18 in Axes
 29293 | Spider:3 | Noticed qw's ghost (adept GrFi)
 29303 | Spider:3 | Found a transporter.
 29324 | Spider:3 | Found a transporter.
 29368 | Spider:3 | 29368 ||| INVOKING Heroism.
 29369 | Spider:3 | 29369 ||| Stepping ~*~*~tactically~*~*~ (hiding).
 29370 | Spider:3 | 29370 ||| Stepping ~*~*~tactically~*~*~ (stealth).
 29372 | Spider:3 | 29372 ||| INVOKING Finesse.
 29406 | Spider:3 | 29406 ||| Stepping ~*~*~tactically~*~*~ (stealth).
 29440 | Spider:3 | 29440 ||| Stepping ~*~*~tactically~*~*~ (stealth).
 29475 | Spider:3 | 29475 ||| Stepping ~*~*~tactically~*~*~ (stealth).
 29477 | Spider:3 | 29477 ||| Stepping ~*~*~tactically~*~*~ (stealth).
 29482 | Spider:3 | 29482 ||| Stepping ~*~*~tactically~*~*~ (hiding).
 29487 | Spider:3 | 29487 ||| INVOKING Finesse.
 29503 | Spider:3 | 29503 ||| UPGRADING to +1 pair of gloves of the Twenty
                  | Coins {rC+ Will+}.
 29518 | Spider:3 | 29518 ||| INVOKING Finesse.
 29522 | Spider:3 | 29522 ||| UPGRADING to +2 pair of gloves.
 29527 | Spider:3 | 29527 ||| UPGRADING to +1 pair of gloves of the Twenty
                  | Coins {rC+ Will+}.
 29636 | Spider:3 | 29636 ||| PLANNING SWAMP:1-3
 29739 | Swamp:1  | Entered Level 1 of the Swamp
 29767 | Swamp:1  | 29767 ||| INVOKING Heroism.
 29855 | Swamp:1  | 29855 ||| INVOKING Heroism.
 29927 | Swamp:1  | 29927 ||| READING scroll of enchant armour.
 29927 | Swamp:1  | 29927 ||| ENCHANTING +0 pair of boots.
 29956 | Swamp:1  | 29956 ||| INVOKING Heroism.
 30114 | Swamp:1  | Noticed Jorgrun
 30139 | Swamp:1  | Killed Jorgrun
 30299 | Swamp:1  | 30299 ||| INVOKING Heroism.
 30323 | Swamp:1  | Reached XP level 18. HP: 114/114 MP: 25/25
 30324 | Swamp:1  | 30324 ||| DROPPING +0 war axe of flaming.
 30457 | Swamp:1  | 30457 ||| DROPPING +1 pair of gloves.
 30458 | Swamp:1  | 30458 ||| DROPPING ring of fire.
 30488 | Swamp:2  | 30488 ||| INVOKING Heroism.
 30612 | Swamp:2  | 30612 ||| INVOKING Heroism.
 30645 | Swamp:2  | 30645 ||| Stepping ~*~*~tactically~*~*~ (hiding).
 30671 | Swamp:2  | 30671 ||| Stepping ~*~*~tactically~*~*~ (stealth).
 30673 | Swamp:2  | 30673 ||| INVOKING Heroism.
 30688 | Swamp:2  | 30688 ||| Stepping ~*~*~tactically~*~*~ (hiding).
 30836 | Swamp:2  | 30836 ||| INVOKING Heroism.
 30857 | Swamp:2  | 30857 ||| Stepping ~*~*~tactically~*~*~ (stealth).
 31264 | Swamp:2  | 31264 ||| DROPPING +1 pair of boots.
 31265 | Swamp:2  | 31265 ||| DROPPING +0 pair of boots of rampaging.
 31291 | Swamp:3  | 31291 ||| INVOKING Heroism.
 31355 | Swamp:3  | 31355 ||| INVOKING Heroism.
 31523 | Swamp:3  | 31523 ||| Stepping ~*~*~tactically~*~*~ (hiding).
 31525 | Swamp:3  | 31525 ||| Stepping ~*~*~tactically~*~*~ (hiding).
 31644 | Swamp:3  | Reached skill level 18 in Shields
 31650 | Swamp:3  | 31650 ||| INVOKING Heroism.
 31651 | Swamp:3  | Noticed Kirke
 31674 | Swamp:3  | 31674 ||| DRINKING 5 potions of cancellation.
 31678 | Swamp:3  | Killed Kirke
 31686 | Swamp:3  | 31686 ||| Stepping ~*~*~tactically~*~*~ (stealth).
 31691 | Swamp:3  | 31691 ||| Stepping ~*~*~tactically~*~*~ (stealth).
 31702 | Swamp:3  | 31702 ||| Stepping ~*~*~tactically~*~*~ (stealth).
 31709 | Swamp:3  | 31709 ||| Stepping ~*~*~tactically~*~*~ (hiding).
 31844 | Swamp:3  | 31844 ||| PLANNING SPIDER:4
 31844 | Swamp:3  | 31844 ||| DROPPING ring of fire.
 32011 | Spider:4 | Entered Level 4 of the Spider Nest
 32036 | Spider:4 | 32036 ||| FLEEEEING.
 32037 | Spider:4 | 32037 ||| FLEEEEING.
 32038 | Spider:4 | 32038 ||| Stepping ~*~*~tactically~*~*~ (hiding).
 32039 | Spider:4 | 32039 ||| FLEEEEING.
 32040 | Spider:4 | 32040 ||| FLEEEEING.
 32041 | Spider:4 | 32041 ||| Stepping ~*~*~tactically~*~*~ (stealth).
 32042 | Spider:4 | 32042 ||| Stepping ~*~*~tactically~*~*~ (stealth).
 32043 | Spider:4 | 32043 ||| STAIRDANCE
 32054 | Spider:3 | 32054 ||| INVOKING Heroism.
 32077 | Spider:4 | 32077 ||| STAIRDANCE
 32084 | Spider:4 | 32084 ||| STAIRDANCE
 32091 | Spider:4 | 32091 ||| STAIRDANCE
 32106 | Spider:4 | 32106 ||| READING 4 scrolls of teleportation.
 32109 | Spider:4 | 32109 ||| INVOKING Heroism.
 32112 | Spider:4 | 32112 ||| DRINKING 3 potions of curing.
 32112 | Spider:4 | 32112 ||| (to cure confusion)
 32141 | Spider:4 | Gained mutation: You occasionally lose the ability to drink
                  | potions when taking damage. [mutagenic glow]
 32166 | Spider:4 | 32166 ||| Stepping ~*~*~tactically~*~*~ (hiding).
 32170 | Spider:4 | 32170 ||| INVOKING Heroism.
 32189 | Spider:4 | 32189 ||| FLEEEEING.
 32190 | Spider:4 | 32190 ||| FLEEEEING.
 32192 | Spider:4 | 32192 ||| FLEEEEING.
 32220 | Spider:4 | 32220 ||| INVOKING Finesse.
 32231 | Spider:4 | 32231 ||| DRINKING 4 potions of mutation.
 32231 | Spider:4 | Lost mutation: You occasionally lose the ability to drink
                  | potions when taking damage. [potion of mutation]
 32231 | Spider:4 | Gained mutation: Your magical capacity is low. (-10% MP)
                  | [potion of mutation]
 32231 | Spider:4 | Gained mutation: You have large cloven feet. [potion of
                  | mutation]
 32287 | Spider:4 | 32287 ||| Stepping ~*~*~tactically~*~*~ (stealth).
 32343 | Spider:4 | 32343 ||| INVOKING Heroism.
 32346 | Spider:4 | 32346 ||| Stepping ~*~*~tactically~*~*~ (stealth).
 32347 | Spider:4 | 32347 ||| Stepping ~*~*~tactically~*~*~ (stealth).
 32348 | Spider:4 | 32348 ||| Stepping ~*~*~tactically~*~*~ (stealth).
 32352 | Spider:4 | 32352 ||| Stepping ~*~*~tactically~*~*~ (stealth).
 32413 | Spider:4 | Received a gift from Okawaru
 32419 | Spider:4 | 32419 ||| INVOKING Heroism.
 32420 | Spider:4 | 32420 ||| INVOKING Finesse.
 32432 | Spider:4 | Reached skill level 15 in Fighting
 32582 | Spider:4 | 32582 ||| Stepping ~*~*~tactically~*~*~ (hiding).
 32584 | Spider:4 | 32584 ||| INVOKING Heroism.
 32604 | Spider:4 | 32604 ||| Stepping ~*~*~tactically~*~*~ (stealth).
 32605 | Spider:4 | 32605 ||| Stepping ~*~*~tactically~*~*~ (stealth).
 32648 | Spider:4 | 32648 ||| INVOKING Heroism.
 32713 | Spider:4 | 32713 ||| DRINKING 3 potions of curing.
 32713 | Spider:4 | 32713 ||| (to cure confusion)
 32714 | Spider:4 | 32714 ||| INVOKING Heroism.
 32715 | Spider:4 | 32715 ||| INVOKING Finesse.
 32753 | Spider:4 | 32753 ||| Stepping ~*~*~tactically~*~*~ (stealth).
 32757 | Spider:4 | 32757 ||| Stepping ~*~*~tactically~*~*~ (stealth).
 32773 | Spider:4 | 32773 ||| Stepping ~*~*~tactically~*~*~ (stealth).
 32774 | Spider:4 | 32774 ||| Stepping ~*~*~tactically~*~*~ (stealth).
 32776 | Spider:4 | 32776 ||| Stepping ~*~*~tactically~*~*~ (stealth).
 32777 | Spider:4 | 32777 ||| Stepping ~*~*~tactically~*~*~ (stealth).
 32778 | Spider:4 | 32778 ||| Stepping ~*~*~tactically~*~*~ (stealth).
 32779 | Spider:4 | 32779 ||| Stepping ~*~*~tactically~*~*~ (stealth).
 32821 | Spider:4 | Received a gift from Okawaru
 33025 | Spider:4 | Got a gossamer rune of Zot
 33141 | Spider:4 | 33141 ||| Stepping ~*~*~tactically~*~*~ (stealth).
 33199 | Spider:4 | 33199 ||| INVOKING Heroism.
 33434 | Spider:4 | 33434 ||| PLANNING VAULTS:1-4
 33434 | Spider:4 | 33434 ||| DROPPING +2 pair of gloves.
 33435 | Spider:4 | 33435 ||| DROPPING scarf of shadows.
 33791 | Vaults:1 | Entered Level 1 of the Vaults
 33791 | Vaults:1 | Found Balosos's Assorted Antiques.
 33796 | Vaults:1 | 33796 ||| BUYING potion of haste (210 gold).
 33796 | Vaults:1 | Bought a potion of haste for 210 gold pieces
 33796 | Vaults:1 | 33796 ||| BUYING potion of magic (168 gold).
 33796 | Vaults:1 | Bought a potion of magic for 168 gold pieces
 33830 | Vaults:1 | 33830 ||| Stepping ~*~*~tactically~*~*~ (stealth).
 33839 | Vaults:1 | 33839 ||| INVOKING Heroism.
 33855 | Vaults:1 | 33855 ||| INVOKING Finesse.
 33862 | Vaults:1 | Reached XP level 19. HP: 124/124 MP: 18/23
 34119 | Vaults:1 | 34119 ||| Stepping ~*~*~tactically~*~*~ (stealth).
 34120 | Vaults:1 | 34120 ||| Stepping ~*~*~tactically~*~*~ (stealth).
 34140 | Vaults:1 | 34140 ||| Stepping ~*~*~tactically~*~*~ (stealth).
 34141 | Vaults:1 | 34141 ||| Stepping ~*~*~tactically~*~*~ (stealth).
 34177 | Vaults:1 | Received a gift from Okawaru
 34205 | Vaults:1 | 34205 ||| INVOKING Heroism.
 34206 | Vaults:1 | 34206 ||| INVOKING Finesse.
 34373 | Vaults:1 | 34373 ||| READING scroll of enchant armour.
 34373 | Vaults:1 | 34373 ||| ENCHANTING +1 pair of boots.
 34450 | Vaults:1 | 34450 ||| INVOKING Heroism.
 34460 | Vaults:1 | Reached skill level 9 in Throwing
 34557 | Vaults:1 | Identified the +5 ring mail of Baldness {Rampage rElec MP+9
                  | Stlth+} (Okawaru gifted it to you on level 1 of the Vaults)
 34557 | Vaults:1 | Received a gift from Okawaru
 34615 | Vaults:1 | 34615 ||| INVOKING Heroism.
 34904 | Vaults:1 | 34904 ||| Stepping ~*~*~tactically~*~*~ (hiding).
 34924 | Vaults:1 | 34924 ||| Stepping ~*~*~tactically~*~*~ (stealth).
 34926 | Vaults:1 | 34926 ||| Stepping ~*~*~tactically~*~*~ (hiding).
 34927 | Vaults:1 | 34927 ||| Stepping ~*~*~tactically~*~*~ (hiding).
 34962 | Vaults:1 | Found a runed translucent gate.
 34962 | Vaults:1 | Found a runed translucent gate.
 34962 | Vaults:1 | Found a runed translucent gate.
 34992 | Vaults:1 | 34992 ||| Stepping ~*~*~tactically~*~*~ (hiding).
 34999 | Vaults:1 | 34999 ||| INVOKING Heroism.
 35002 | Vaults:1 | 35002 ||| INVOKING Finesse.
 35023 | Vaults:1 | Killed from afar by a crystal guardian

Levels and vault maps discovered:
D:1:      erik_arrival_cave_to_civilisation [erik_arrival_cave_to_hall],
          layout_basic, dreamdust_ecumenical_altar_statues
D:2:      layout_loops_ring, basic_altar
D:3:      layout_basic, serial_shops, nicolae_square_shop
D:4:      layout_loops_corners, portal_sewer_entry_f, uniq_eustachio
D:5:      layout_rooms
D:6:      layout_loops_cross, slow_altar_2, mainiacjoe_overflow_divided_tiny
D:7:      layout_layer_cave, lemuel_round_altar, temple_green, serial_shops,
          nicolae_diamond_shop
D:8:      layout_loops_corners, mainiacjoe_overflow_six_doors_small,
          marbit_many_paths, dreamdust_mushroom_princess, uniq_pikel
D:9:      layout_cave_pods, kennysheep_mini_moat, lair_entry_dummy, orc_0_dummy,
          serial_shops, nicolae_square_shop
D:10:     layout_roguey, lemuel_doored_altar
D:11:     layout_long_grid, serial_bayou_lagoon_a, hellmonk_bongcloud_opening,
          yredelemnul_forgotten_temple_becter
D:12:     layout_layer_cave
D:13:     layout_loops_corners
D:14:     minmay_slanted_spiral_squares, layout_small_grid,
          lightli_vaults_fourway_checkpoint, chequers_serial_rivers_room_a,
          minmay_bent
D:15:     grunt_enter_depths_magical_seal, layout_basic,
          portal_ice_cave_entry_pillars_1, nicolae_figureground_sparkle,
          grunt_decor_arrowhead, reono_crystal_passage, nicolae_ru_awakened_eye
Lair:1:   lemuel_ratsnest, layout_cave_shapes, grunt_megastairs_4, uniq_fannar,
          uniq_gastronok
Lair:2:   layout_loops_ring, st_stairs_4, lemuel_altar_in_water2
Lair:3:   layout_long_grid, swamp_mist, hellmonk_spider_entry_not_the_bees,
          chequers_serial_rivers_large_a, lemuel_fruit_tree, grunt_megastairs_5
Lair:4:   layout_long_grid, slime_entry_1
Lair:5:   grunt_lair_end_beastmaster, layout_small_grid,
          cheibrodos_lair_lostbears, grunt_megastairs_1, serial_bayou_shore_a
Swamp:1:  layout_basic_swamp, nicolae_swamp_trees_clearing, swamp_pool3,
          uniq_jorgrun
Swamp:2:  layout_basic_swamp, evilmike_swamp_ruin_house_5, swamp_pool3,
          nicolae_swamp_stuck_in_the_mud
Swamp:3:  layout_basic_swamp, hangedman_swamp_ruin_hall, uniq_kirke
Spider:1: layout_spider_delve, uniq_donald
Spider:2: layout_cave_pods, hellmonk_narrow_tunnel
Spider:3: layout_spider_delve, gammafunk_ghost_berserking_beasts,
          uniq_mlioglotl, uniq_mara
Spider:4: grunt_spider_rune_parallel
Orc:1:    layout_diamond_mine
Orc:2:    st_orc_mages, layout_caves, serial_shops, nicolae_shop_stone,
          minmay_orc_temple_b
Vaults:1: gammafunk_ghost_necromancy, v_misc_33, v_misc_4, st_spiral_rooms,
          v_misc_25, vaults_mumra_lcd, nicolae_vaults_network_quinsquares
          [nicolae_vaults_network_quincunx_subvault,
          nicolae_vaults_network_quincunx_subvault,
          nicolae_vaults_network_quincunx_subvault,
          nicolae_vaults_network_quincunx_subvault], v_misc_14, v_rooms_1,
          v_misc_17, hangedman_vaults_corner_blocks, layout_vaults_maze_snakey,
          serial_shops, shop

Skill      XL: |  1  2  3  4  5  6  7  8  9 10 11 12 13 14 15 16 17 18 19 |
---------------+----------------------------------------------------------+-----
Axes           | 2 3 4 5 6 7 8 9 11 12 13 14 16 17 18 | 18.0
Fighting       | 4 6 7 8 9 10 11 12 13 15 16 | 16.0
Dodging        | 1 2 3 4 |  4.0
Armour         | 4 5 6 8 9 10 11 12 14 | 14.6
Shields        | 4 5 6 7 9 15 17 18 | 18.9
Invocations    | 5 8 10 | 10.1
Throwing       | 4 5 6 7 8 9 |  9.0

Action                   |  1- 3 |  4- 6 |  7- 9 | 10-12 | 13-15 | 16-18 | 19-21 || total
-------------------------+-------+-------+-------+-------+-------+-------+-------++-------
Melee: War axe           |    82 |   167 |   249 |   579 |    20 |       |       ||  1097
       Broad axe         |       |       |       |   109 |  1349 |  2020 |   305 ||  3783
       Flail             |       |       |       |       |    37 |       |       ||    37
Throw: Javelin           |       |       |       |       |    88 |    67 |    15 ||   170
       Boomerang         |       |       |       |       |    24 |    91 |     4 ||   119
Invok: Heroism           |       |       |     5 |    33 |    44 |    55 |     4 ||   141
       Finesse           |       |       |       |     1 |    14 |    19 |     2 ||    36
  Use: Scroll            |     5 |     2 |    11 |     3 |     8 |     4 |     1 ||    34
       Potion            |       |     2 |     4 |     2 |     9 |     9 |       ||    26
 Stab: Petrified         |       |       |       |       |     7 |       |       ||     7
       Petrifying        |       |       |       |       |     1 |       |       ||     1
       Held in net/web   |       |       |       |       |       |     1 |       ||     1
Armor: Scale mail        |    34 |    41 |       |       |       |       |       ||    75
       Chain mail        |       |    56 |       |       |       |       |       ||    56
       Skin              |       |     2 |       |       |       |       |       ||     2
       Plate armour      |       |       |   182 |   375 |   805 |  1035 |   140 ||  2537
Dodge: Dodged            |    35 |    84 |    96 |   290 |   611 |   668 |    93 ||  1877
       Repelled          |       |       |       |       |     5 |    11 |     2 ||    18
Block: Buckler           |    19 |    24 |    46 |   143 |   304 |       |       ||   536
       Tower shield      |       |       |       |       |   109 |  1856 |   235 ||  2200

Table legend:
 A = Non-vault XP
 B = Vault XP
 C = Vault XP percentage of total XP
 D = Non-vault monster count
 E = Vault monster count
 F = Vault count percentage of total count
                 A         B        C        D         E       F
            +---------+---------+-------+---------+---------+-------
      Total |  260812 |   94192 |  26.5 |     886 |     270 |  23.4
            +---------+---------+-------+---------+---------+-------
        D:1 |      48 |       4 |   7.7 |      20 |       2 |   9.1
        D:2 |      56 |       0 |   0.0 |      23 |       0 |   0.0
        D:3 |     105 |       0 |   0.0 |      11 |       0 |   0.0
        D:4 |     143 |     218 |  60.4 |       9 |       6 |  40.0
        D:5 |     731 |       0 |   0.0 |      15 |       0 |   0.0
        D:6 |     622 |      44 |   6.6 |      16 |       1 |   5.9
        D:7 |    1186 |       0 |   0.0 |      21 |       0 |   0.0
        D:8 |    1002 |    1486 |  59.7 |      22 |       2 |   8.3
        D:9 |    1113 |       0 |   0.0 |      14 |       0 |   0.0
       D:10 |    1214 |       0 |   0.0 |       3 |       0 |   0.0
       D:11 |    4123 |       1 |   0.0 |      29 |       1 |   3.3
       D:12 |    3987 |       0 |   0.0 |      17 |       0 |   0.0
       D:13 |    6467 |       0 |   0.0 |      15 |       0 |   0.0
       D:14 |    3037 |   15894 |  84.0 |      12 |      30 |  71.4
       D:15 |    9600 |    4553 |  32.2 |      17 |      10 |  37.0
     Lair:1 |    4697 |    3439 |  42.3 |      18 |      40 |  69.0
     Lair:2 |    5600 |    1247 |  18.2 |      25 |       4 |  13.8
     Lair:3 |    8917 |    1786 |  16.7 |      28 |      10 |  26.3
     Lair:4 |   11328 |    1348 |  10.6 |      33 |       2 |   5.7
     Lair:5 |   21063 |   13018 |  38.2 |      60 |      27 |  31.0
    Swamp:1 |    8974 |    1941 |  17.8 |      21 |       1 |   4.5
    Swamp:2 |   12352 |       0 |   0.0 |      25 |       0 |   0.0
    Swamp:3 |    7186 |    2466 |  25.5 |      11 |       6 |  35.3
   Spider:1 |   24265 |    1349 |   5.3 |      80 |       1 |   1.2
   Spider:2 |   23087 |    1931 |   7.7 |      67 |       4 |   5.6
   Spider:3 |   24408 |    6180 |  20.2 |      68 |       2 |   2.9
   Spider:4 |   26198 |   18084 |  40.8 |      72 |      40 |  35.7
      Orc:1 |    2513 |       0 |   0.0 |      25 |       0 |   0.0
      Orc:2 |     886 |    5256 |  85.6 |      20 |      51 |  71.8
   Vaults:1 |   28489 |   13833 |  32.7 |      46 |      20 |  30.3
    Abyss:2 |   17415 |       0 |   0.0 |      43 |       0 |   0.0
      Sewer |       0 |     114 | 100.0 |       0 |      10 | 100.0
            +---------+---------+-------+---------+---------+-------
